[Event "*** Titled Tuesday Blitz"]
[Site "Chess.com"]
[Date "2020.11.10"]
[Round "4"]
[White "Borsuk_Konstantin"]
[Black "Andrii_Prydun"]
[Result "1-0"]
[WhiteElo "2615"]
[BlackElo "2360"]
[TimeControl "180+1"]
[EndTime "10:41:57 PST"]
[Termination "Borsuk_Konstantin won by resignation"]

1. d4 d5 2. c4 c6 3. Nc3 Nf6 4. e3 e6 5. Nf3 Nbd7 6. Qc2 Be7 7. Be2 O-O 8. O-O b6 9. a3 Bb7 10. b4 c5 11. dxc5 bxc5 12. b5 dxc4 13. Rd1 Qc7 14. e4 Nb6 15. a4 a5 16. Bg5 Rfd8 17. Bh4 Rxd1+ 18. Rxd1 Rd8 19. Rxd8+ Qxd8 20. Bg3 h6 21. h3 Nh5 22. Bh2 Bg5 23. Nxg5 Qxg5 24.
Bxh5 Qxh5 25. Bc7 Nd7 26. Qe2 Qg6 27. Bxa5 f5 28. Bc7 fxe4 29. a5 Qf6 30. Qe3 e5 31. a6 Ba8 32. Qd2 Qe6 33. Qd6 Qxd6 34. Bxd6 Kf7 35. Bc7 Ke7 36. b6 Bc6 37. b7 Ke6 38.
Kf1 g5 39. Ke2 h5 40. Ke3 h4 41. g3 Kf5 42. gxh4 gxh4 43. Bd8 Ke6 44. Bxh4 Nb8 45. a7 1-0

[Event "*** Titled Tuesday Blitz"]
[Site "Chess.com"]
[Date "2020.11.10"]
[Round "4"]
[White "AldokhinIvan"]
[Black "JoachimMouhamad"]
[Result "1-0"]
[WhiteElo "2550"]
[BlackElo "2347"]
[TimeControl "180+1"]
[EndTime "10:41:57 PST"]
[Termination "AldokhinIvan won on time"]

1. d4 Nf6 2. c4 g6 3. Nc3 d5 4.
Bf4 Bg7 5. cxd5 Nxd5 6. Nxd5 Qxd5 7. e3 Na6 8. Ne2 O-O 9. Nc3 Qa5 10. Be2 c5 11.
O-O Rd8 12. d5 Nb4 13. e4 e6 14.
a3 Na6 15. Qb3 e5 16. Bg5 f6 17. Be3 Kh8 18. Rad1 Nc7 19. f4 exf4 20. Bxf4 Ne8 21. d6 Bd7 22. Qf7 Rac8 23. Bc4 Nxd6 24. Rxd6 Bc6 25. Rfd1 Rxd6 26. Rxd6 Rf8 27. Qe7 a6 28. e5 fxe5 29. Bxe5 1-0

[Event "*** Titled Tuesday Blitz"]
[Site "Chess.com"]
[Date "2020.11.10"]
[Round "4"]
[White "BikingBrian"]
[Black "nakajo"]
[Result "0-1"]
[WhiteElo "2267"]
[BlackElo "2453"]
[TimeControl "180+1"]
[EndTime "10:41:57 PST"]
[Termination "nakajo won by resignation"]

1. d4 d5 2. Bf4 Nf6 3. e3 c5 4. Nc3 e6 5. Nb5 Na6 6. Nf3 Be7 7. Be2 O-O 8. O-O Ne4 9. c4 cxd4 10. Nbxd4 Nac5 11. cxd5 exd5 12. b4 Nc3 13. Qc2 Nxe2+ 14. Qxe2 Ne4 15. a3 Bg4 16. h3 Bh5 17. Rfc1 Rc8 18.
Qb2 Bf6 19. Ne5 Qe7 20. Nd3 Bg6 21. Rxc8 Rxc8 22. Rc1 Rxc1+ 23. Qxc1 h6 24. Qc8+ Kh7 25. Nf5 Qe6 26. Qxe6 fxe6 27. Nd6 Nxd6 28. Bxd6 Bxd3 29. f4 d4 30. Kf2 a6 31. g4 Be4 32. exd4 Bxd4+ 33. Kg3 Bc6 34. f5 exf5 35. gxf5 Bb2 36. a4 Bxa4 37. Kf4 Bc6 38. h4 Bc3 39. Kg4 a5 40. bxa5 Bxa5 41. Ba3 Bc3 42. Kf4 b5 43. Ke3 b4 44. Bc1 b3 45. Kd3 b2 0-1

[Event "*** Titled Tuesday Blitz"]
[Site "Chess.com"]
[Date "2020.11.10"]
[Round "4"]
[White "GukeshDommaraju"]
[Black "LaStreetCmaMaison"]
[Result "1-0"]
[WhiteElo "2868"]
[BlackElo "2616"]
[TimeControl "180+1"]
[EndTime "10:41:58 PST"]
[Termination "GukeshDommaraju won by resignation"]

1. d4 Nf6 2. Nf3 d5 3. Bf4 Bf5 4. e3 e6 5. c4 Bd6 6. Bxd6 Qxd6 7. Nc3 c6 8. Bd3 Bxd3 9. Qxd3 Qb4 10. cxd5 exd5 11.
O-O O-O 12. a3 Qd6 13. b4 Nbd7 14. b5 Rfe8 15. bxc6 bxc6 16. Na4 Ne4 17. Rfc1 c5 18. dxc5 Ndxc5 19. Nxc5 Nxc5 20. Qb5 Rec8 21. Rab1 h6 22. h3 Ne6 23. Rxc8+ Rxc8 24. Qb7 Rc7 25. Qb8+ Kh7 26. Qb3 g6 27. Rd1 Rc5 28. g3 Ra5 29. Rd3 Nc5 30. Qxd5 Qf6 31. Rd4 Kg7 32. Rf4 Qe7 33. Ne5 f6 34. Nc6 Qb7 35. Qd6 Ra6 36. Qxf6+ Kh7 37. Qf8 1-0

[Event "*** Titled Tuesday Blitz"]
[Site "Chess.com"]
[Date "2020.11.10"]
[Round "4"]
[White "Mr_Sinigami"]
[Black "mishanick"]
[Result "0-1"]
[WhiteElo "2533"]
[BlackElo "3039"]
[TimeControl "180+1"]
[EndTime "10:41:59 PST"]
[Termination "mishanick won by resignation"]

1. d4 Nf6 2. Nf3 d5 3. Bf4 c5 4.
e3 Nc6 5. c3 Qb6 6. Qc1 Bf5 7.
dxc5 Qxc5 8. Nbd2 e6 9. Nd4 Bg6 10. N2f3 Be7 11. Nb5 O-O 12. b4 Nxb4 13. cxb4 Qxb4+ 14. Qd2 Ne4 15. Qxb4 Bxb4+ 16. Ke2 a6 17. Nbd4 Nc3+ 18.
Ke1 Ne4+ 19. Ke2 Nc3+ 20. Ke1 Nxa2+ 21. Kd1 Nc3+ 22. Kc1 Rac8 23. Kb2 Ne4 24. Kb3 a5 25. Be2 Nxf2 26. Rhc1 Ne4 27. Ne5 Nc5+ 28. Kb2 Be4 29.
Nc2 Bd2 30. Rd1 Na4+ 31. Rxa4 Rxc2+ 32. Kb3 Rfc8 33. Raa1 Bc3 34. Rab1 Rxe2 35. Rdc1 Bxb1 36. Rxc3 Rxc3+ 37. Kxc3 0-1

[Event "*** Titled Tuesday Blitz"]
[Site "Chess.com"]
[Date "2020.11.10"]
[Round "4"]
[White "eCztery"]
[Black "Aemulus20"]
[Result "1-0"]
[WhiteElo "2304"]
[BlackElo "2575"]
[TimeControl "180+1"]
[EndTime "10:42:01 PST"]
[Termination "eCztery won by checkmate"]

1. e4 c5 2. Nf3 d6 3. d4 cxd4 4. Qxd4 Nc6 5. Bb5 Bd7 6. Bxc6 Bxc6 7. Nc3 Nf6 8. Bg5 e6 9. O-O-O a6 10. Rhe1 Be7 11.
Qd2 Qa5 12. Kb1 Rc8 13. Nd4 Bd7 14. f4 h6 15. Bh4 g5 16. fxg5 Ng4 17. h3 hxg5 18. Bg3 Ne5 19. Nb3 Qc7 20. Bxe5 dxe5 21. Rf1 b5 22. Qf2 f6 23. h4 Rxh4 24. Rh1 Rxh1 25.
Rxh1 b4 26. Rh8+ Kf7 27. Rh7+ Kf8 28. Qf3 Be8 29. Qh3 Bd6 30. Qh6+ Kg8 31. Rh8+ Kf7 32. Qh7# 1-0

[Event "*** Titled Tuesday Blitz"]
[Site "Chess.com"]
[Date "2020.11.10"]
[Round "4"]
[White "IMRosen"]
[Black "AttractiveMustard"]
[Result "1-0"]
[WhiteElo "2568"]
[BlackElo "2394"]
[TimeControl "180+1"]
[EndTime "10:42:01 PST"]
[Termination "IMRosen won on time"]

1. d4 Nf6 2. Bf4 d5 3. e3 c5 4. Nf3 Nc6 5. Nbd2 Bf5 6. dxc5 e6 7. Nd4 Bg6 8. Bb5 Qd7 9. N2f3 Bh5 10. b4 Ne4 11.
Qd3 f6 12. c4 Bg6 13. Nxe6 Nxc5 14. Nc7+ Qxc7 15. Qxg6+ hxg6 16. Bxc7 Nd3+ 17. Ke2 dxc4 18. a3 Rc8 19. Bxc6+ bxc6 20. Bg3 a5 21. Nd2 axb4 22. Nxc4 Rd8 23. axb4 Nxb4 24. Rhb1 Be7 25. Ra7 Nd5 26. Rbb7 Kf7 27. e4 1-0

[Event "*** Titled Tuesday Blitz"]
[Site "Chess.com"]
[Date "2020.11.10"]
[Round "4"]
[White "julinha97"]
[Black "Malysch"]
[Result "0-1"]
[WhiteElo "2173"]
[BlackElo "2409"]
[TimeControl "180+1"]
[EndTime "10:42:01 PST"]
[Termination "Malysch won by checkmate"]

1. e4 c5 2. Nf3 d6 3. d4 cxd4 4. Nxd4 Nf6 5. Nc3 Nc6 6. Bg5 e6 7. Qd2 Be7 8. O-O-O Nxd4 9. Qxd4 O-O 10. Kb1 Qa5 11. f4 h6 12. Bh4 e5 13. Qd2 exf4 14.
Qxf4 g5 15. Qg3 Kh8 16. Nd5 Nxd5 17. Rxd5 Qd8 18. Bxg5 Bxg5 19. e5 Be6 20. Rxd6 Qa5 21. a3 Rad8 22. Bd3 Rxd6 23. exd6 Qd5 24. b3 Rd8 25. h4 Bf6 26. Rf1 Qd4 27. Kc1 Bxh4 28. Qf3 Bg5+ 29. Kd1 Rxd6 30. Ke2 Bg4 31. Rh1 Bxf3+ 32.
gxf3 Re6+ 33. Kd1 Qa1# 0-1

[Event "*** Titled Tuesday Blitz"]
[Site "Chess.com"]
[Date "2020.11.10"]
[Round "4"]
[White "PetrolulSah"]
[Black "ponzianipower"]
[Result "1/2-1/2"]
[WhiteElo "2213"]
[BlackElo "2005"]
[TimeControl "180+1"]
[EndTime "10:42:01 PST"]
[Termination "Game drawn by repetition"]

1. d4 d5 2. Nf3 Nf6 3. g3 e6 4. Bg2 Be7 5. O-O O-O 6. c4 b6 7. cxd5 exd5 8. Nc3 Bb7 9. Bf4 Nbd7 10. Rc1 c5 11. dxc5 bxc5 12. Qb3 Nb6 13. a4 d4 14. Nb5 Nfd5 15. a5 Nxf4 16. gxf4 Nd5 17.
Ne5 Rb8 18. Qc4 Nxf4 19. Bxb7 Rxb7 20. e3 Ng6 21. Nc6 Qd7 22. Nxe7+ Nxe7 23. Na3 Qg4+ 24. Kh1 Qf3+ 25. Kg1 Ng6 26. Rfd1 Rxb2 27. Qf1 Nh4 28.
Rc2 dxe3 29. Rxb2 Qg4+ 30. Kh1 Qf3+ 31. Kg1 Qg4+ 32. Kh1 Qf3+ 33. Kg1 1/2-1/2

[Event "*** Titled Tuesday Blitz"]
[Site "Chess.com"]
[Date "2020.11.10"]
[Round "4"]
[White "lucachess49"]
[Black "Paladin61"]
[Result "1-0"]
[WhiteElo "2364"]
[BlackElo "2537"]
[TimeControl "180+1"]
[EndTime "10:42:02 PST"]
[Termination "lucachess49 won by checkmate"]

1. d4 Nf6 2. c4 g6 3. f3 Bg7 4. e4 d6 5. Nc3 O-O 6. Be3 c5 7. Nge2 Nc6 8. d5 Ne5 9. Ng3 h5 10. Bg5 Nh7 11. h4 Nxg5 12. hxg5 e6 13. f4 Ng4 14.
Qd3 exd5 15. cxd5 c4 16. Qd2 Qc7 17. Be2 a6 18. f5 Be5 19. Nxh5 gxh5 20. Bxg4 hxg4 21.
f6 Bg3+ 22. Kd1 Be5 23. g3 Bxf6 24. gxf6 Qe7 25. Qg5# 1-0

[Event "*** Titled Tuesday Blitz"]
[Site "Chess.com"]
[Date "2020.11.10"]
[Round "4"]
[White "RD4ever"]
[Black "SamuelGhimpu2003"]
[Result "1-0"]
[WhiteElo "2826"]
[BlackElo "2562"]
[TimeControl "180+1"]
[EndTime "10:42:06 PST"]
[Termination "RD4ever won by resignation"]

1. e4 e6 2. d4 d5 3. Bd3 dxe4 4. Bxe4 Nf6 5. Bf3 c5 6. Ne2 Nc6 7. Be3 Nd5 8. Bxd5 Qxd5 9. Nbc3 Qxg2 10. Rg1 Qxh2 11.
Bf4 Qh5 12. Nb5 f6 13. Nc7+ Kf7 14. Nxa8 cxd4 15. Nxd4 Qxd1+ 16. Rxd1 Nxd4 17. Rxd4 e5 18. Rc4 exf4 19. Nc7 Bd6 20. Nb5 Bb8 21. Rd4 h5 22. Nd6+ Bxd6 23. Rxd6 h4 24. f3 h3 25. Kf2 g5 26.
Rgd1 Bf5 27. Rd8 Rh4 28. Rb8 g4 29. Rxb7+ Kg6 30. fxg4 Rxg4 31. Rd8 Be6 32. Re7 Rg2+ 33. Kf3 Kf5 34. Rh7 Kg6 35. Rxh3 Bxh3 36. Rg8+ Kf5 37. Rxg2 Bxg2+ 38. Kxg2 Ke4 39. Kf2 a5 40. b3 f3 41. c4 a4 42. bxa4 Kd4 43. a5 1-0

[Event "*** Titled Tuesday Blitz"]
[Site "Chess.com"]
[Date "2020.11.10"]
[Round "4"]
[White "Grandelicious"]
[Black "Beltraxtor"]
[Result "1/2-1/2"]
[WhiteElo "2796"]
[BlackElo "2562"]
[TimeControl "180+1"]
[EndTime "10:42:06 PST"]
[Termination "Game drawn by repetition"]

1. e4 e5 2. Nf3 Nf6 3. d4 Nxe4 4.
Bd3 Nc6 5. Nxe5 Nxe5 6. dxe5 Nc5 7. O-O d6 8. Re1 Be6 9. Bf4 dxe5 10. Bxe5 Nxd3 11. cxd3 Qd7 12. Nc3 Rd8 13. d4 f6 14. Bxc7 Qxc7 15. Rxe6+ Kd7 16. Qg4 Qc4 17. Rxf6+ Kc7 18. Rf3 Kb8 19. h4 Rxd4 20. Qg3+ Bd6 21.
Qxg7 Rg8 22. Qf7 Rxg2+ 23. Kxg2 Rg4+ 24. Kh1 Rxh4+ 25. Kg1 Rg4+ 26. Kh1 Rh4+ 27. Kg1 Rg4+ 28. Kh1 Rh4+ 1/2-1/2

[Event "*** Titled Tuesday Blitz"]
[Site "Chess.com"]
[Date "2020.11.10"]
[Round "4"]
[White "LittleMyMoomin"]
[Black "vrekhson"]
[Result "0-1"]
[WhiteElo "1826"]
[BlackElo "2201"]
[TimeControl "180+1"]
[EndTime "10:42:06 PST"]
[Termination "vrekhson won by checkmate"]

1. d4 Nf6 2. c4 c5 3. Nf3 cxd4 4.
Nxd4 e5 5. Nb3 Bb4+ 6. Nc3 Bxc3+ 7. bxc3 O-O 8. g3 Qc7 9. c5 Na6 10. Ba3 Qc6 11. Rg1 Qa4 12. Qc1 Re8 13. Bg2 e4 14. Nd4 Qc4 15. Nb3 Nd5 16. Bb2 Nxc5 17. Nxc5 Qxc5 18. c4 e3 19. f4 Nb4 20. Qc3 f6 21.
Bf3 d6 22. Kf1 Bh3+ 23. Bg2 Bf5 24. Bf3 Rac8 25. Kg2 Qxc4 26. Qa3 Be4 27. Rad1 Bxf3+ 28. exf3 Qe2+ 29. Kh1 Qxf3+ 30. Rg2 Qxd1+ 31. Rg1 Qf3+ 32. Rg2 Nc2 33. Qb3+ Kh8 34. Qf7 Qd1+ 35. Rg1 Qf3+ 36.
Rg2 e2 37. Bxf6 e1=Q# 0-1

[Event "*** Titled Tuesday Blitz"]
[Site "Chess.com"]
[Date "2020.11.10"]
[Round "4"]
[White "xberli"]
[Black "Nikolakis2014"]
[Result "0-1"]
[WhiteElo "2533"]
[BlackElo "2760"]
[TimeControl "180+1"]
[EndTime "10:42:07 PST"]
[Termination "Nikolakis2014 won on time"]

1. e4 c6 2. d4 d5 3. e5 Bf5 4. Nf3 e6 5. Be2 Ne7 6. O-O c5 7. Na3 Be4 8. c4 Nf5 9. Bg5 Be7 10.
Bxe7 Qxe7 11. cxd5 Bxd5 12. Rc1 Nc6 13. dxc5 Rd8 14.
Qa4 O-O 15. Nb5 Bxf3 16. Bxf3 Nxe5 17. Be2 a6 18. Na3 Nd4 19. Rce1 Qxc5 20. b4 Qc3 21. Kh1 Rd6 22. f4 Ng6 23. Nb1 Qb2 24. Bd3 b5 25. Qa5 Nc6 26. Qb6 Rxd3 27. Qxc6 Qxb4 28. Qc2 Rd5 29.
Qf2 h6 30. Qf3 Rfd8 31. Qg3 Rd3 32. Qf2 Ne7 33. a3 Qd6 34. Qb2 Nf5 35. Nc3 Qd4 36. Rc1 Rd2 37. Qb4 Ne3 38. Rg1 Qd3 39. Qc5 Ng4 0-1

[Event "*** Titled Tuesday Blitz"]
[Site "Chess.com"]
[Date "2020.11.10"]
[Round "4"]
[White "anpospan"]
[Black "zaur-mammadov"]
[Result "1-0"]
[WhiteElo "2436"]
[BlackElo "2614"]
[TimeControl "180+1"]
[EndTime "10:42:07 PST"]
[Termination "anpospan won by resignation"]

1. d4 d5 2. c4 dxc4 3. Nf3 Nf6 4. Nc3 e6 5. e4 c5 6. d5 exd5 7. exd5 Bd6 8. Bxc4 O-O 9. O-O a6 10. a4 Bf5 11. Bg5 Nbd7 12. Bd3 Bxd3 13. Qxd3 h6 14. Bh4 Qc7 15. Rfe1 Rfe8 16. Ne4 Nxe4 17. Rxe4 Rxe4 18. Qxe4 Ne5 19. Nxe5 Bxe5 20. Bg3 Bxg3 21. hxg3 Qd6 22. Rd1 Rd8 23. a5 g6 24. g4 Kg7 25. g3 Rd7 26. Qf4 Qxf4 27. gxf4 g5 28. fxg5 hxg5 29.
d6 Kf6 30. Rd5 c4 31. Rf5+ Ke6 32. Rxg5 Kxd6 33. Rf5 Ke6 34. Rc5 Rd4 35. f3 Rd2 36. Rxc4 Rxb2 37. Rc5 f6 38. Kf1 Kd6 39. Rf5 Ke6 40.
Rc5 Kf7 41. Kg1 Kg6 42. Kf1 Kf7 43. Kg1 Ke7 44. Kf1 Ke6 45. Kg1 Rb5 46. Rxb5 axb5 47.
Kf2 Kd5 48. Ke3 Kc4 49. Kd2 Kd4 50. f4 Ke4 51. g5 fxg5 52. fxg5 Kf5 53. Kc3 Kxg5 54.
Kb4 Kf6 55. Kxb5 Ke6 56. Kb6 Kd6 57. Kxb7 1-0

[Event "*** Titled Tuesday Blitz"]
[Site "Chess.com"]
[Date "2020.11.10"]
[Round "4"]
[White "Dinamo3"]
[Black "ShapkinAnatoliy"]
[Result "0-1"]
[WhiteElo "2410"]
[BlackElo "2613"]
[TimeControl "180+1"]
[EndTime "10:42:07 PST"]
[Termination "ShapkinAnatoliy won by resignation"]

1. e4 e5 2. Nf3 Nc6 3. Bc4 Bc5 4. O-O Nf6 5. d3 d6 6. c3 a6 7.
Bb3 Ba7 8. Nbd2 O-O 9. h3 h6 10. Re1 Nh5 11. Nf1 Qf6 12. Be3 Bxe3 13. Nxe3 Nf4 14.
Kh2 Ne7 15. Ng1 Be6 16. g3 Nfg6 17. Qe2 Kh8 18. Bc2 d5 19. Rad1 c5 20. exd5 Nxd5 21. Nc4 Rae8 22. Nd6 Rb8 23. Nf3 Bxh3 24. Ne4 Qf5 25.
Ng1 Bg4 26. f3 Qh5+ 27. Kg2 Ngf4+ 28. gxf4 Nxf4+ 29. Kf2 Qh2+ 30. Ke3 Nxe2 31. Nxe2 f5 32. Rh1 Qg2 33. Rdg1 Qxf3+ 34. Kd2 Qxe2+ 0-1

[Event "*** Titled Tuesday Blitz"]
[Site "Chess.com"]
[Date "2020.11.10"]
[Round "4"]
[White "sokidze"]
[Black "AsaHoffmann"]
[Result "1-0"]
[WhiteElo "2576"]
[BlackElo "2395"]
[TimeControl "180+1"]
[EndTime "10:42:07 PST"]
[Termination "sokidze won by resignation"]

1. e4 d6 2. d4 Nf6 3. Nc3 c6 4.
f4 Qa5 5. Bd3 e5 6. Nf3 exd4 7.
Nxd4 Qb6 8. Be2 Nbd7 9. O-O g6 10. Kh1 Bg7 11. Nb3 Qc7 12. Be3 O-O 13. Bf3 Re8 14. a4 a5 15. Qd2 Nc5 16. Nxc5 dxc5 17. e5 Nd7 18. Ne4 b6 19. Nd6 Rd8 20. Rfd1 Nxe5 21.
fxe5 Bxe5 22. Bf4 Bxf4 23. Qxf4 Be6 24. Qg3 Bd5 25. Bxd5 cxd5 26. Rxd5 Qc6 27. Rad1 Qxa4 28. Qf2 Rf8 29. b3 Qg4 30. h3 Qe6 31. Nc4 a4 32. Rd6 Qe4 33. Nxb6 axb3 34. Nxa8 bxc2 35. Rc1 Rxa8 36. Qxc2 Qe3 37. Rdd1 Rc8 38. Re1 Qf4 39. Rcd1 c4 40. Qc3 h5 41. Rf1 Qe4 42. Qf3 Qxf3 43. Rxf3 f5 44. Rc1 Kf7 45. Rfc3 Ke6 46. Rxc4 1-0

[Event "*** Titled Tuesday Blitz"]
[Site "Chess.com"]
[Date "2020.11.10"]
[Round "4"]
[White "NotFischer"]
[Black "SanchezKelvin"]
[Result "0-1"]
[WhiteElo "2256"]
[BlackElo "2442"]
[TimeControl "180+1"]
[EndTime "10:42:07 PST"]
[Termination "SanchezKelvin won on time"]

1. d4 Nf6 2. Bf4 d5 3. e3 c5 4. c3 Nc6 5. Nd2 Qb6 6. Qb3 c4 7. Qc2 Nh5 8. Bg3 g6 9. e4 Bh6 10. Ngf3 e6 11. Be2 O-O 12. O-O Qd8 13. b3 b5 14. a4 Nxg3 15. hxg3 cxb3 16. Nxb3 b4 17. a5 bxc3 18. Nc5 dxe4 19. Qxe4 Qd5 20. Qh4 Bg7 21. Ng5 h6 22. Bf3 Qxg5 23. Qxg5 hxg5 24. Bxc6 Rb8 25. Rfd1 c2 26. Rdc1 Bxd4 27. Ne4 Bxa1 0-1

[Event "*** Titled Tuesday Blitz"]
[Site "Chess.com"]
[Date "2020.11.10"]
[Round "4"]
[White "Sergienko_Sergey"]
[Black "KononenkoD"]
[Result "0-1"]
[WhiteElo "2299"]
[BlackElo "2615"]
[TimeControl "180+1"]
[EndTime "10:42:08 PST"]
[Termination "KononenkoD won by resignation"]

1. e4 c6 2. Nc3 d5 3. Nf3 Bg4 4. h3 Bxf3 5. Qxf3 e6 6. d3 Bb4 7. Bd2 d4 8. Nb1 Qb6 9. Be2 Bxd2+ 10. Nxd2 Qxb2 11. O-O Qa3 12. Nc4 Qe7 13. e5 Nh6 14. Nd6+ Kf8 15. Rab1 b6 16. Qe4 g6 17. Qxd4 Nf5 18. Qf4 g5 19. Qd2 Nxd6 20. exd6 Qxd6 21. Qxg5 Rg8 22. Qh6+ Rg7 23. Bf3 Nd7 24. d4 Kg8 25. Rbd1 Kh8 26. Rfe1 Rag8 27. Re4 Rg6 28. Qe3 Nf6 29.
Re5 Nd5 30. Qd2 Qd8 31. c4 Qf6 32. Rxd5 Qxf3 33. g4 0-1

[Event "*** Titled Tuesday Blitz"]
[Site "Chess.com"]
[Date "2020.11.10"]
[Round "4"]
[White "elamier"]
[Black "Ranindu2003"]
[Result "0-1"]
[WhiteElo "2348"]
[BlackElo "2555"]
[TimeControl "180+1"]
[EndTime "10:42:08 PST"]
[Termination "Ranindu2003 won on time"]

1. e4 c5 2. Nf3 d6 3. d4 cxd4 4. Nxd4 Nf6 5. Nc3 a6 6. f4 e5 7. Nf3 exf4 8. Bxf4 Nc6 9. Bd3 Be7 10. O-O O-O 11. Kh1 Bg4 12. Qe1 Qd7 13. Nh4 Nh5 14. Bd2 Ne5 15. Nf5 Bd8 16. Nd5 Rc8 17. h3 Bxf5 18. Rxf5 g6 19. Rxh5 gxh5 20. Bh6 Re8 21. Qg3+ Ng6 22. Rf1 Qe6 23. Bg5 h4 24. Qe3 Kh8 25.
Rf6 Qxd5 26. Rxg6 hxg6 27. Bf6+ Bxf6 28. Qh6+ Kg8 29. exd5 Re1+ 30. Kh2 Be5+ 31. g3 hxg3+ 32. Kg2 Re8 33. Bxg6 fxg6 34. Qxg6+ Bg7 35. h4 R8e2+ 36. Kh3 Rh2+ 37. Kg4 g2 0-1

[Event "*** Titled Tuesday Blitz"]
[Site "Chess.com"]
[Date "2020.11.10"]
[Round "4"]
[White "Predatoru"]
[Black "vovachesss"]
[Result "1-0"]
[WhiteElo "2506"]
[BlackElo "2664"]
[TimeControl "180+1"]
[EndTime "10:42:09 PST"]
[Termination "Predatoru won by checkmate"]

1. d4 Nf6 2. c4 c6 3. Nf3 d5 4.
g3 Bf5 5. Nc3 e6 6. Nh4 Be4 7. f3 Bg6 8. Qb3 Qb6 9. c5 Qc7 10.
Bf4 Qc8 11. Bg2 Nbd7 12. O-O e5 13. dxe5 Bxc5+ 14. Kh1 Nh5 15. e3 O-O 16. Bh3 Re8 17.
Rac1 Bb6 18. Nxd5 Qd8 19. Nxb6 Nxb6 20. Rfd1 Qe7 21. Nxg6 hxg6 22. e4 Nxf4 23. gxf4 Qh4 24. Bg4 Re7 25. Qb4 Rae8 26. Qe1 Qh6 27. Qg3 Na8 28.
Rd6 Rxe5 29. Rcd1 R5e7 30. Rd7 Nc7 31. f5 Na6 32. Rxe7 Rxe7 33. Rd8+ Kh7 34. fxg6+ fxg6 35. Kg2 Nb4 36. Qb8 g5 37. Bf5+ g6 38. Rh8+ Kg7 39.
Qf8# 1-0

[Event "*** Titled Tuesday Blitz"]
[Site "Chess.com"]
[Date "2020.11.10"]
[Round "4"]
[White "RestartingChess"]
[Black "MaxLeto"]
[Result "0-1"]
[WhiteElo "2565"]
[BlackElo "2415"]
[TimeControl "180+1"]
[EndTime "10:42:09 PST"]
[Termination "MaxLeto won on time"]

1. e4 c5 2. Nf3 d6 3. Bb5+ Bd7 4. c4 Nf6 5. Nc3 Nc6 6. d3 g6 7. h3 Bg7 8. Be3 O-O 9. Qd2 Re8 10. Bh6 Bh8 11. O-O a6 12. Bxc6 Bxc6 13. Rae1 Nd7 14.
Bg5 Nf8 15. Nd5 Ne6 16. Bh4 b5 17. b3 a5 18. Ng5 a4 19. f4 axb3 20. axb3 b4 21.
Nxf7 Kxf7 22. f5 gxf5 23. Rxf5+ Kg8 24. Ref1 Bxd5 25. cxd5 Bd4+ 26. Kh1 Ng7 27. Rf7 Ra1 28. Rxa1 Bxa1 29. Rf3 Rf8 30. Rg3 Rf1+ 31. Kh2 Be5 32.
Qg5 Qf8 33. Qh6 Kh8 34. Bg5 Qf2 0-1

[Event "*** Titled Tuesday Blitz"]
[Site "Chess.com"]
[Date "2020.11.10"]
[Round "4"]
[White "Forantes"]
[Black "Xtrmntr78"]
[Result "0-1"]
[WhiteElo "2348"]
[BlackElo "2558"]
[TimeControl "180+1"]
[EndTime "10:42:09 PST"]
[Termination "Xtrmntr78 won on time"]

1. Nf3 Nf6 2. g3 d5 3. Bg2 c5 4.
O-O g6 5. d4 cxd4 6. Nxd4 Nc6 7. Nb3 Bg7 8. Nc3 e6 9. Re1 O-O 10. a4 a5 11. e4 dxe4 12. Nxe4 Nd5 13. c3 Qc7 14. Bg5 h6 15. Bd2 Rd8 16. Qc1 Kh7 17.
h4 f5 18. Nec5 e5 19. Nd3 Nxc3 20. Nxe5 Nxe5 21. Bxc3 Nd3 22. Qe3 Nxe1 23. Bxg7 Qxg7 24. Rxe1 Bd7 25. Nc5 Re8 26. Qd2 Rxe1+ 27. Qxe1 Re8 28. Qxa5 Bc6 29. Qb4 Bxg2 30. Kxg2 Re7 31. a5 Qe5 32. Kh2 Qd5 33. Nd3 Re4 34. Qc3 Rc4 35. Qe1 Qe4 36. Qd2 Rd4 37. Qc3 Qxd3 38. Qc7+ Rd7 39. Qxb7 Rxb7 0-1

[Event "*** Titled Tuesday Blitz"]
[Site "Chess.com"]
[Date "2020.11.10"]
[Round "4"]
[White "Sanan_Sjugirov"]
[Black "scarabee43"]
[Result "1-0"]
[WhiteElo "2832"]
[BlackElo "2570"]
[TimeControl "180+1"]
[EndTime "10:42:10 PST"]
[Termination "Sanan_Sjugirov won by checkmate"]

1. e4 c5 2. Nf3 e6 3. d3 d5 4. Qe2 Nf6 5. g3 Be7 6. Bg2 O-O 7. O-O Nc6 8. e5 Nd7 9. c4 dxc4 10. dxc4 b6 11. Nc3 Bb7 12. Bf4 Nd4 13. Nxd4 Bxg2 14.
Kxg2 cxd4 15. Nb5 Nc5 16. Rad1 d3 17. Qf3 Qc8 18. Be3 Rd8 19. b3 a6 20. Nd4 Rd7 21.
Rd2 Bf8 22. Rfd1 Raa7 23. h4 Rac7 24. h5 Qb8 25. h6 g6 26. b4 Na4 27. Rxd3 Qc8 28. Ne2 Rxd3 29. Rxd3 Rxc4 30. a3 Rc2 31. Qf6 Qc6+ 32. Kh2 Rxe2 33. Rd8 Re1 34. Qg7# 1-0

[Event "*** Titled Tuesday Blitz"]
[Site "Chess.com"]
[Date "2020.11.10"]
[Round "4"]
[White "ShahMatKanal"]
[Black "frederiksvane"]
[Result "0-1"]
[WhiteElo "2500"]
[BlackElo "2701"]
[TimeControl "180+1"]
[EndTime "10:42:11 PST"]
[Termination "frederiksvane won by checkmate"]

1. d4 Nf6 2. c4 e6 3. Nc3 Bb4 4. e3 c5 5. Ne2 O-O 6. a3 Bxc3+ 7. Nxc3 b6 8. d5 exd5 9. cxd5 a6 10. Be2 b5 11. O-O Bb7 12. Bf3 d6 13. b4 Nbd7 14. Bb2 Rc8 15. bxc5 Nxc5 16. Rc1 Nfd7 17. Ne4 Nxe4 18.
Bxe4 Rxc1 19. Qxc1 Nc5 20. Bb1 Bxd5 21. Qc3 Qg5 22.
f3 Na4 23. Qd3 Qh5 24. Ba1 Bc4 25. Qd4 Qh6 26. Rd1 Nc5 27. Kf2 Re8 28. Qxd6 Qxe3+ 29. Kg3 Qg5+ 30. Kh3 Ne6 31. g3 Be2 32. Rd3 Bf1# 0-1

[Event "*** Titled Tuesday Blitz"]
[Site "Chess.com"]
[Date "2020.11.10"]
[Round "4"]
[White "Morshynska"]
[Black "smshk35"]
[Result "0-1"]
[WhiteElo "2229"]
[BlackElo "2430"]
[TimeControl "180+1"]
[EndTime "10:42:11 PST"]
[Termination "smshk35 won by resignation"]

1. Nf3 Nf6 2. g3 g6 3. Bg2 Bg7 4. O-O O-O 5. d4 e5 6. b3 e4 7. Nfd2 d5 8. e3 c6 9. c4 Bg4 10.
Qc2 Qd7 11. Re1 Na6 12. Ba3 Rfe8 13. Nc3 Bh3 14. Bh1 Ng4 15. Nf1 Qf5 16. Qe2 Qh5 17. cxd5 Bxf1 18. Kxf1 Nxh2+ 19. Kg1 Nf3+ 20. Bxf3 exf3 21.
Qf1 cxd5 22. Rac1 Nc7 23. Bd6 Ne6 24. Bf4 Nxf4 25. exf4 Bxd4 26. Nb5 Bb6 27. Nc7 Rxe1 28. Qxe1 Qh3 29. Qf1 Qxg3+ 30. Kh1 Qh4+ 31. Kg1 Bxc7 32. Rxc7 Qxf4 33. Rd7 Re8 34. Rxd5 Re1 35. Rd8+ Kg7 36. Qxe1 Qg4+ 0-1

[Event "*** Titled Tuesday Blitz"]
[Site "Chess.com"]
[Date "2020.11.10"]
[Round "4"]
[White "annacramling"]
[Black "GM4life"]
[Result "1/2-1/2"]
[WhiteElo "2022"]
[BlackElo "2255"]
[TimeControl "180+1"]
[EndTime "10:42:11 PST"]
[Termination "Game drawn by repetition"]

1. Nf3 Nf6 2. b3 d5 3. Bb2 c5 4. e3 Nc6 5. Bb5 Bg4 6. h3 Bh5 7. d3 e6 8. Nbd2 Bd6 9. O-O O-O 10. d4 cxd4 11. exd4 Bc7 12. Be2 Qd6 13. Ne5 Bxe2 14. Qxe2 Rfe8 15. Ndf3 Ne4 16. c4 f6 17. c5 Qe7 18.
Nxc6 bxc6 19. Qa6 Qd7 20. b4 Reb8 21. a3 Bd8 22. Rfe1 Qb7 23. Qd3 a5 24. Rab1 axb4 25. axb4 Qxb4 26. Ba3 Qa4 27. Rxb8 Rxb8 28. Bc1 Qb3 29.
Qxb3 Rxb3 30. Nd2 Nxd2 31. Bxd2 Rd3 32. Be3 e5 33. Ra1 Kf7 34. Ra7+ Be7 35. dxe5 fxe5 36. Bg5 Rd1+ 37. Kh2 d4 38. Bxe7 d3 39. Bg5+ Kg6 40.
Be3 Re1 41. Rd7 e4 42. Rd6+ Kf7 43. Rxc6 Re2 44. Rd6 Rc2 45. c6 Ke7 46. Rd7+ Ke6 47. Rxg7 Rxc6 48. Rg5 Rd6 49. Bd2 Rb6 50. Rh5 Rb2 51.
Rh6+ Kd5 52. Be3 d2 53. Rxh7 Kd6 54. Rh6+ Kd5 55. Rh7 Kd6 56. Rh8 Kd7 57. Rh7+ Kd6 1/2-1/2